 Dungeon Crawl Stone Soup version 0.23.2-40-g277498a (webtiles) character file.

Game seed: 1323036737312859773

501 silentkaos13 the Insei (level 6, -1/50 HPs)
             Began as a Draconian Transmuter on Oct 9, 2019.
             Slain by a centaur (9 damage)
             ... on level 4 of the Dungeon.
             The game lasted 00:08:31 (3913 turns).

silentkaos13 the Insei (Draconian Transmuter)       Turns: 3913, Time: 00:08:31

Health: -1/50      AC:  7    Str: 12    XL:     6   Next: 95%
Magic:  8/10       EV: 13    Int: 15    God:
Gold:   285        SH:  0    Dex: 12    Spells: 5/11 levels left

rFire    . . .     SeeInvis .     - Unarmed
rCold    . . .     Gourm    .   (no shield)
rNeg     . . .     Faith    .   (armour unavailable)
rPois    .         Spirit   .   (helmet restricted)
rElec    .         Reflect  .   n - +0 cloak
rCorr    .         Harm     .   (no gloves)
MR       .....                  (no boots)
Stlth    ++........             (no amulet)
HPRegen  0.16/turn              (no ring)
MPRegen  0.12/turn              (no ring)

@: no status effects
A: unfitting armour, blink, cold-blooded, AC +6
a: Blink


You were on level 4 of the Dungeon.
You were hungry.

You visited 1 branch of the dungeon, and saw 4 of its levels.
You also visited: Ossuary.

You collected 285 gold pieces.

Inventory:

Missiles
 a - 85 arrows
Armour
 g - a scarf of spirit shield
 n - a +0 cloak (worn)
Scrolls
 d - 4 scrolls of teleportation {unknown}
 e - 2 scrolls of immolation {unknown}
 f - 2 scrolls of enchant armour {unknown}
 h - a scroll of torment {unknown}
 i - 6 scrolls of remove curse {unknown}
 j - 2 scrolls of identify {unknown}
 p - a scroll of fog {unknown}
Potions
 b - a potion of curing
 k - a potion of magic
 l - a potion of lignification
 m - 2 potions of cancellation {unknown}
 o - a potion of haste {unknown}
Comestibles
 c - 5 rations


   Skills:
 * Level 2.8 Fighting
 + Level 2.8 Dodging
 + Level 1.0 Stealth
 + Level 5.1 Unarmed Combat
 * Level 3.2 Spellcasting
 * Level 3.4 Transmutations
 * Level 1.6 Poison Magic


You had 5 spell levels left.
You knew the following spells:

 Your Spells              Type           Power        Failure   Level  Hunger
a - Beastly Appendage     Tmut           ##....       4%          1    #......
b - Sticks to Snakes      Tmut           ##......     8%          2    ##.....
c - Spider Form           Tmut/Pois      ##........   21%         3    ###....

Your spell library contained the following spells:

 Spells                   Type           Power        Failure   Level  Hunger
 Ice Form                 Ice/Tmut       #.......     67%         4    #####..
 Blade Hands              Tmut           ##........   80%         5    ######.


Dungeon Overview and Level Annotations

Branches:
Dungeon (4/15)
 Temple: D:4-7

Altars:
Ru


Innate Abilities, Weirdness & Mutations

Your plain brown scales are hard. (AC +6)
You cannot fit into any form of body armour.
You are cold-blooded and may be slowed by cold attacks.
You can translocate small distances at will.


Message History

You hit the centaur but do no damage.
The centaur looks as sick as possible!
The centaur is lightly wounded.
The centaur hits you.
* * * LOW HITPOINT WARNING * * *
The centaur hits you.
* * * LOW HITPOINT WARNING * * *
It was a potion of curing.
You feel better. The centaur closely misses you.
You hit the centaur but do no damage.
The centaur looks as sick as possible!
The centaur is moderately wounded.
The centaur hits you.
* * * LOW HITPOINT WARNING * * *
The centaur completely misses you.
You barely miss the centaur.
The centaur is moderately wounded.
The centaur completely misses you.
You hit the centaur but do no damage.
The centaur looks as sick as possible!
The centaur is moderately wounded.
Your transformation has ended.
Your +0 cloak unmelds from your body.
The centaur hits you!
You die...

### ##.# ...# ##.#
############# ...###
#((.(@c...... .....#
#(########### .....#
#.#######
.....#####+#........
.............#######
...................
..................#
###..........####.#
# #..........+ .


You could see a centaur.

Vanquished Creatures
  A phantom (D:4)
  2 ogres (D:4)
  A centaur skeleton (D:4)
  3 mummies (Ossuary)
  An adder (D:3)
  An ooze (D:3)
  2 adder skeletons (D:4)
  4 adder zombies (Ossuary)
  4 worms
  A dart slug (D:3)
  6 leopard geckos
  3 orcs (D:4)
  5 giant cockroaches
  15 goblins
  4 hobgoblins
  8 jackals
  9 kobolds
  A quokka (D:3)
  2 bats (D:1)
  8 frilled lizards
  A goblin zombie (Ossuary)
  5 hobgoblin zombies (Ossuary)
  A kobold zombie (Ossuary)
  A quokka skeleton (D:4)
  2 quokka zombies (Ossuary)
  9 rats
  5 rat zombies (Ossuary)
105 creatures vanquished.

Vanquished Creatures (collateral kills)
  A hound (D:4)
  2 jackals (D:4)
  A quokka skeleton (D:4)
4 creatures vanquished.

Grand Total: 109 creatures vanquished

Notes
Turn   | Place    | Note
-------+----------+-------------------------------------------
     0 | D:1      | silentkaos13 the Draconian Transmuter began the quest for
                  | the Orb.
     0 | D:1      | Reached XP level 1. HP: 16/16 MP: 3/3
   326 | D:1      | Reached XP level 2. HP: 23/23 MP: 5/5
   904 | D:2      | Reached XP level 3. HP: 27/28 MP: 6/6
   908 | D:2      | Learned a level 2 spell: Sticks to Snakes
   912 | D:2      | Learned a level 3 spell: Spider Form
  1363 | D:2      | Found a sacrificial altar of Ru.
  1773 | D:3      | Found a faded altar of an unknown god.
  1895 | D:3      | Reached XP level 4. HP: 33/36 MP: 7/7
  2015 | D:3      | Reached skill level 4 in Unarmed Combat
  2629 | D:4      | Noticed an ogre
  2652 | D:4      | Killed an ogre
  2652 | D:4      | Reached XP level 5. HP: 24/41 MP: 4/9
  2725 | D:4      | Reached skill level 1 in Poison Magic
  2979 | D:4      | Noticed a phantom
  3012 | D:4      | Gained mutation: You are frail. (-10% HP) [potion of
                  | mutation]
  3012 | D:4      | Lost mutation: You are frail. (-10% HP) [potion of
                  | mutation]
  3012 | D:4      | Gained mutation: You can translocate small distances at
                  | will. [potion of mutation]
  3028 | D:4      | HP: 3/63 [phantom (6)]
  3036 | D:4      | Killed a phantom
  3036 | D:4      | Reached skill level 1 in Stealth
  3036 | D:4      | Reached XP level 6. HP: 5/50 MP: 10/10
  3258 | D:4      | Found a sand-covered staircase.
  3266 | Ossuary  | Entered an ossuary
  3797 | D:4      | Reached skill level 5 in Unarmed Combat
  3913 | D:4      | Slain by a centaur

Skill      XL: |  1  2  3  4  5  6 |
---------------+-------------------+-----
Dodging        | 2 |  2.8
Unarmed Combat | 4 5 |  5.1
Fighting       | 2 |  2.8
Poison Magic   | 1 |  1.6
Stealth        | 1 |  1.0
Spellcasting   | 3 |  3.2
Transmutations | 3 |  3.4

Action                   |  1- 3 |  4- 6 || total
-------------------------+-------+-------++-------
Melee: Unarmed           |   154 |   238 ||   392
       Tailslap          |    17 |    16 ||    33
       Headbutt          |     3 |     2 ||     5
       Kick              |     2 |     3 ||     5
       Punch             |     1 |       ||     1
 Cast: Beastly Appendage |     4 |     4 ||     8
       Sticks to Snakes  |       |     5 ||     5
       Spider Form       |       |     7 ||     7
  Use: Potion            |       |     5 ||     5
 Stab: Sleeping          |       |     1 ||     1
  Eat: Chunk             |     3 |     4 ||     7
       Ration            |       |     1 ||     1
Armor: Skin              |    44 |    52 ||    96
Dodge: Dodged            |    89 |   161 ||   250
